[ AOE2 MATCH · #504840512 ]
UnrankedWu vs Byzantines
Player's team · LOSS
Rival team · WIN
[ REPLAY ANALYSIS · EXTRACTED FROM THE RECORDED GAME ]
Feudal
10:11
Castle
22:19
Imperial
—
| APM avg | 81.6 |
| APM peak | 164 |
| eAPM avg | 50.0 |
| Villagers / military | 59 / 11 |
Focus
⚔️ 56.5% · 🌾 43.5%
Scout Cavalry ×6 · Unknown (1944) ×5 · Militia ×2 · Mangonel ×2 · Scorpion ×1
Feudal
8:29
Castle
33:41
Imperial
—
| APM avg | 62.8 |
| APM peak | 89 |
| eAPM avg | 27.4 |
| Villagers / military | 64 / 126 |
Focus
⚔️ 40.6% · 🌾 59.4%
Spearman ×66 · Skirmisher ×60
Match map
Initial resources + every placement click. Lines = walls · curves = elevation contours. ◆ gold · ⬟ stone · ● berries · ✦ relic · ◌ wall gap
Your base· Open — 2t gap
Nobody's base· Open — 4t gap
Smoothed initial terrain · ◌ = detected wall gap · hover for details
Inputs per minute
— Capout - - Nobody
Build order — Capout
First 150 of 164 actions detected
| 0:00 | Queue | Villager (Male) |
| 0:01 | Build | House |
| 0:02 | Build | House |
| 0:04 | Queue | Villager (Male) |
| 0:04 | Queue | Villager (Male) |
| 0:04 | Queue | Villager (Male) |
| 1:24 | Queue | Villager (Male) |
| 1:25 | Queue | Villager (Male) |
| 1:43 | Build | Lumber Camp |
| 1:58 | Queue | Villager (Male) |
| 2:15 | Queue | Villager (Male) |
| 2:46 | Queue | Villager (Male) |
| 3:11 | Queue | Villager (Male) |
| 3:39 | Queue | Villager (Male) |
| 3:51 | Build | House |
| 4:07 | Queue | Villager (Male) |
| 4:33 | Queue | Villager (Male) |
| 5:03 | Queue | Villager (Male) |
| 5:13 | Build | Barracks |
| 5:19 | Queue | Villager (Male) |
| 5:30 | Build | House |
| 5:42 | Queue | Villager (Male) |
| 5:45 | Queue | Villager (Male) |
| 6:07 | Queue | Militia |
| 6:07 | Queue | Militia |
| 6:20 | Queue | Villager (Male) |
| 6:44 | Queue | Villager (Male) |
| 6:49 | Build | Mill |
| 6:54 | Research | Loom |
| 7:36 | Queue | Villager (Male) |
| 8:01 | Research | Feudal Age |
| 8:02 | Research | Feudal Age |
| 8:56 | Build | Farm |
| 8:58 | Build | Farm |
| 9:41 | Build | House |
| 10:11 | Age | Feudal Age |
| 10:13 | Queue | Villager (Male) |
| 10:19 | Build | Stable |
| 10:22 | Research | Double-Bit Axe |
| 10:30 | Research | Horse Collar |
| 10:34 | Build | Farm |
| 10:36 | Queue | Villager (Male) |
| 10:51 | Build | Farm |
| 11:02 | Build | House |
| 11:06 | Queue | Villager (Male) |
| 11:10 | Queue | Scout Cavalry |
| 11:13 | Build | Farm |
| 11:17 | Queue | Villager (Male) |
| 11:27 | Build | Palisade Wall |
| 11:29 | Build | Palisade Wall |
| 11:31 | Queue | Villager (Male) |
| 11:40 | Build | Palisade Wall |
| 11:42 | Queue | Scout Cavalry |
| 11:44 | Build | Farm |
| 11:50 | Queue | Villager (Male) |
| 12:03 | Build | Farm |
| 12:07 | Queue | Villager (Male) |
| 12:18 | Build | Palisade Wall |
| 12:20 | Build | Palisade Wall |
| 12:25 | Queue | Villager (Male) |
| 12:27 | Queue | Scout Cavalry |
| 12:34 | Build | Farm |
| 12:43 | Build | Palisade Wall |
| 12:54 | Build | Palisade Wall |
| 12:57 | Queue | Scout Cavalry |
| 13:03 | Queue | Villager (Male) |
| 13:19 | Build | Farm |
| 13:42 | Queue | Scout Cavalry |
| 13:45 | Queue | Villager (Male) |
| 13:47 | Build | Farm |
| 13:50 | Build | House |
| 14:04 | Build | Palisade Wall |
| 14:16 | Queue | Villager (Male) |
| 14:17 | Build | Farm |
| 14:19 | Build | Farm |
| 14:32 | Build | Palisade Wall |
| 14:37 | Build | Farm |
| 14:44 | Build | House |
| 14:46 | Queue | Villager (Male) |
| 14:59 | Build | Palisade Wall |
| 14:59 | Build | Palisade Wall |
| 15:03 | Queue | Villager (Male) |
| 15:05 | Build | Palisade Wall |
| 15:26 | Build | Palisade Wall |
| 15:28 | Queue | Villager (Male) |
| 15:35 | Build | Mining Camp |
| 15:57 | Build | Blacksmith |
| 15:59 | Queue | Villager (Male) |
| 16:06 | Build | Watch Tower |
| 16:26 | Build | Palisade Wall |
| 16:34 | Queue | Villager (Male) |
| 17:09 | Queue | Villager (Male) |
| 17:09 | Queue | Villager (Male) |
| 17:18 | Build | Palisade Wall |
| 17:35 | Queue | Scout Cavalry |
| 17:47 | Queue | Villager (Male) |
| 17:49 | Build | Farm |
| 17:49 | Build | Farm |
| 18:10 | Queue | Villager (Male) |
| 18:11 | Build | Palisade Wall |
| 18:20 | Research | Wheelbarrow |
| 18:34 | Build | Lumber Camp |
| 19:21 | Build | House |
| 19:23 | Build | House |
| 19:27 | Build | Palisade Wall |
| 19:32 | Research | Castle Age |
| 19:33 | Research | Castle Age |
| 19:35 | Build | Palisade Wall |
| 19:40 | Build | Mining Camp |
| 19:48 | Build | Market |
| 19:57 | Research | Gold Mining |
| 19:57 | Research | Gold Mining |
| 20:27 | Build | Palisade Wall |
| 20:37 | Build | Watch Tower |
| 21:00 | Build | Palisade Wall |
| 21:41 | Build | House |
| 21:44 | Research | Scale Barding Armor |
| 21:47 | Research | Bloodlines |
| 22:19 | Age | Castle Age |
| 22:25 | Build | Town Center |
| 22:32 | Queue | Unit 1944 |
| 22:35 | Build | House |
| 22:36 | Queue | Villager (Male) |
| 22:52 | Queue | Villager (Male) |
| 22:59 | Build | Palisade Wall |
| 23:02 | Build | Palisade Wall |
| 23:40 | Queue | Villager (Male) |
| 24:08 | Build | Palisade Wall |
| 24:10 | Build | Palisade Wall |
| 24:20 | Queue | Villager (Male) |
| 24:34 | Queue | Villager (Male) |
| 25:15 | Queue | Villager (Male) |
| 25:27 | Queue | Villager (Male) |
| 25:38 | Build | Palisade Wall |
| 25:42 | Build | Palisade Wall |
| 25:44 | Build | Palisade Wall |
| 25:47 | Build | Palisade Wall |
| 25:48 | Build | Palisade Wall |
| 26:10 | Queue | Villager (Male) |
| 26:10 | Queue | Villager (Male) |
| 26:43 | Queue | Villager (Male) |
| 26:49 | Queue | Unit 1944 |
| 26:50 | Queue | Unit 1944 |
| 27:23 | Build | House |
| 27:33 | Build | House |
| 27:37 | Build | House |
| 27:50 | Research | Fletching |
| 27:51 | Research | Fletching |
| 28:01 | Queue | Villager (Male) |
| 28:31 | Queue | Villager (Male) |
Build order — Nobody
First 150 of 295 actions detected
| 0:02 | Queue | Villager (Male) |
| 0:03 | Build | House |
| 0:04 | Build | House |
| 0:05 | Queue | Villager (Male) |
| 0:16 | Queue | Villager (Male) |
| 0:17 | Queue | Villager (Male) |
| 1:24 | Queue | Villager (Male) |
| 1:50 | Queue | Villager (Male) |
| 2:19 | Queue | Villager (Male) |
| 2:27 | Build | Mill |
| 2:38 | Queue | Villager (Male) |
| 2:57 | Build | House |
| 3:12 | Queue | Villager (Male) |
| 3:41 | Queue | Villager (Male) |
| 3:54 | Queue | Villager (Male) |
| 4:14 | Queue | Villager (Male) |
| 4:45 | Queue | Villager (Male) |
| 5:05 | Build | Lumber Camp |
| 5:19 | Queue | Villager (Male) |
| 5:52 | Research | Loom |
| 6:07 | Build | Palisade Wall |
| 6:19 | Research | Feudal Age |
| 6:19 | Research | Feudal Age |
| 6:19 | Research | Feudal Age |
| 6:19 | Research | Feudal Age |
| 6:48 | Queue | Villager (Male) |
| 7:37 | Build | Barracks |
| 8:29 | Age | Feudal Age |
| 8:33 | Queue | Villager (Male) |
| 8:44 | Build | House |
| 8:45 | Queue | Villager (Male) |
| 8:47 | Research | Double-Bit Axe |
| 8:47 | Research | Double-Bit Axe |
| 8:47 | Research | Double-Bit Axe |
| 8:52 | Queue | Spearman |
| 9:12 | Build | Archery Range |
| 9:25 | Queue | Spearman |
| 9:31 | Queue | Villager (Male) |
| 9:51 | Build | Mill |
| 10:00 | Queue | Villager (Male) |
| 10:13 | Queue | Skirmisher |
| 10:15 | Queue | Villager (Male) |
| 10:30 | Queue | Skirmisher |
| 10:37 | Build | Farm |
| 10:47 | Queue | Skirmisher |
| 11:02 | Queue | Villager (Male) |
| 11:05 | Build | House |
| 11:12 | Research | Horse Collar |
| 11:12 | Research | Horse Collar |
| 11:12 | Research | Horse Collar |
| 11:12 | Research | Horse Collar |
| 11:16 | Build | House |
| 11:23 | Queue | Skirmisher |
| 11:28 | Build | House |
| 11:35 | Queue | Villager (Male) |
| 11:36 | Build | Farm |
| 11:44 | Build | Farm |
| 11:51 | Queue | Skirmisher |
| 12:01 | Queue | Skirmisher |
| 12:15 | Queue | Villager (Male) |
| 12:16 | Build | Farm |
| 12:21 | Build | House |
| 12:28 | Queue | Skirmisher |
| 12:46 | Build | Farm |
| 12:47 | Build | Farm |
| 12:47 | Queue | Villager (Male) |
| 12:55 | Queue | Skirmisher |
| 13:02 | Queue | Spearman |
| 13:08 | Build | House |
| 13:09 | Build | House |
| 13:12 | Queue | Spearman |
| 13:19 | Queue | Spearman |
| 13:21 | Build | House |
| 13:24 | Queue | Villager (Male) |
| 13:30 | Queue | Skirmisher |
| 13:36 | Build | Farm |
| 13:51 | Queue | Skirmisher |
| 14:00 | Build | Farm |
| 14:01 | Queue | Villager (Male) |
| 14:10 | Queue | Spearman |
| 14:26 | Queue | Spearman |
| 14:33 | Queue | Skirmisher |
| 14:35 | Build | Farm |
| 14:35 | Queue | Villager (Male) |
| 14:42 | Queue | Spearman |
| 14:49 | Build | Watch Tower |
| 14:58 | Queue | Villager (Male) |
| 15:00 | Queue | Villager (Male) |
| 15:16 | Build | Lumber Camp |
| 15:29 | Queue | Villager (Male) |
| 15:35 | Build | House |
| 15:38 | Queue | Skirmisher |
| 15:39 | Queue | Skirmisher |
| 15:41 | Queue | Spearman |
| 15:52 | Queue | Villager (Male) |
| 15:55 | Queue | Spearman |
| 16:16 | Queue | Villager (Male) |
| 16:36 | Build | Blacksmith |
| 16:47 | Queue | Villager (Male) |
| 16:58 | Queue | Villager (Male) |
| 17:06 | Queue | Skirmisher |
| 17:06 | Queue | Spearman |
| 17:07 | Queue | Villager (Male) |
| 17:29 | Queue | Villager (Male) |
| 17:30 | Queue | Spearman |
| 17:44 | Queue | Skirmisher |
| 17:45 | Queue | Skirmisher |
| 17:45 | Queue | Villager (Male) |
| 17:55 | Queue | Villager (Male) |
| 18:00 | Build | Archery Range |
| 18:01 | Queue | Spearman |
| 18:09 | Build | Mining Camp |
| 18:11 | Queue | Skirmisher |
| 18:20 | Build | Palisade Wall |
| 18:21 | Build | Palisade Wall |
| 18:23 | Build | Palisade Wall |
| 18:24 | Build | House |
| 18:30 | Queue | Skirmisher |
| 18:32 | Queue | Spearman |
| 18:35 | Research | Fletching |
| 18:35 | Research | Fletching |
| 18:35 | Research | Fletching |
| 18:35 | Research | Fletching |
| 18:35 | Research | Fletching |
| 18:36 | Queue | Skirmisher |
| 18:36 | Queue | Spearman |
| 18:54 | Queue | Skirmisher |
| 18:55 | Queue | Spearman |
| 19:08 | Queue | Skirmisher |
| 19:11 | Queue | Skirmisher |
| 19:19 | Queue | Villager (Male) |
| 19:23 | Build | Farm |
| 19:23 | Build | Farm |
| 19:24 | Queue | Skirmisher |
| 19:25 | Queue | Skirmisher |
| 19:30 | Queue | Villager (Male) |
| 19:48 | Build | Barracks |
| 19:52 | Queue | Villager (Male) |
| 19:54 | Build | Watch Tower |
| 19:57 | Queue | Skirmisher |
| 20:00 | Build | House |
| 20:02 | Queue | Skirmisher |
| 20:20 | Queue | Skirmisher |
| 20:21 | Queue | Spearman |
| 20:23 | Queue | Villager (Male) |
| 20:26 | Build | House |
| 20:27 | Build | House |
| 20:50 | Queue | Skirmisher |
| 20:51 | Queue | Skirmisher |
| 20:52 | Queue | Villager (Male) |
Match timeline
| 5:13 | Capout · first_building Barracks |
| 6:07 | Nobody · wall_segment Palisade Wall x1 |
| 7:37 | Nobody · first_building Barracks |
| 8:29 | Nobody · age_up feudal |
| 9:12 | Nobody · first_building Archery Range |
| 10:11 | Capout · age_up feudal |
| 10:19 | Capout · first_building Stable |
| 11:27 | Capout · wall_segment Palisade Wall x2 |
| 11:29 | Capout · wall_segment Palisade Wall x2 |
| 11:40 | Capout · wall_segment Palisade Wall x4 |
| 12:18 | Capout · wall_segment Palisade Wall x6 |
| 12:20 | Capout · wall_segment Palisade Wall x4 |
| 12:43 | Capout · wall_segment Palisade Wall x5 |
| 12:54 | Capout · wall_segment Palisade Wall x4 |
| 14:04 | Capout · wall_segment Palisade Wall x1 |
| 14:32 | Capout · wall_segment Palisade Wall x4 |
| 14:59 | Capout · wall_segment Palisade Wall x3 |
| 14:59 | Capout · wall_segment Palisade Wall x1 |
| 15:05 | Capout · wall_segment Palisade Wall x4 |
| 15:26 | Capout · wall_segment Palisade Wall x2 |
| 16:26 | Capout · wall_segment Palisade Wall x1 |
| 17:18 | Capout · wall_segment Palisade Wall x1 |
| 18:11 | Capout · wall_segment Palisade Wall x1 |
| 18:20 | Nobody · wall_segment Palisade Wall x1 |
| 18:21 | Nobody · wall_segment Palisade Wall x1 |
| 18:23 | Nobody · wall_segment Palisade Wall x1 |
| 19:27 | Capout · wall_segment Palisade Wall x1 |
| 19:35 | Capout · wall_segment Palisade Wall x1 |
| 20:27 | Capout · wall_segment Palisade Wall x4 |
| 20:35 | Capout · first_market_buy 100 stone |
| 21:00 | Capout · wall_segment Palisade Wall x1 |
| 22:13 | Capout · first_market_sell 100 wood |
| 22:19 | Capout · age_up castle |
| 22:59 | Capout · wall_segment Palisade Wall x1 |
| 23:02 | Capout · wall_segment Palisade Wall x1 |
| 24:08 | Capout · wall_segment Palisade Wall x1 |
| 24:10 | Capout · wall_segment Palisade Wall x1 |
| 25:38 | Capout · wall_segment Palisade Wall x1 |
| 25:42 | Capout · wall_segment Palisade Wall x1 |
| 25:44 | Capout · wall_segment Palisade Wall x1 |
| 25:47 | Capout · wall_segment Palisade Wall x1 |
| 25:48 | Capout · wall_segment Palisade Wall x1 |
| 29:34 | Capout · first_building Siege Workshop |
| 33:41 | Nobody · age_up castle |
| 33:46 | Capout · resign |
[ AI ANALYSIS · 1 CREDIT ]
What really happened in this match?
Wolo.gg analyzes every decision: build order, eco, micro, common mistakes by bracket. Personalized analysis on WhatsApp or Discord in 30 seconds.
Civ guide
Wu
Perfil
Jugador #1867124